 Dungeon Crawl Stone Soup version 0.27-a0-1139-g28e009f8a6 (webtiles) character file.

Game seed: 895628090519749977

155 BARCODEGAMER the Magician (level 5, -1/35 HPs)
             Began as a Mummy Necromancer on May 8, 2021.
             Was a Believer of Cheibriados.
             Slain by a gnoll
             ... wielding a +0 flail
              (12 damage)
             ... on level 3 of the Dungeon.
             The game lasted 00:26:19 (3085 turns).

BARCODEGAMER the Magician (Mummy Necromancer)       Turns: 3085, Time: 00:26:19

Health: -1/35      AC:  6    Str: 15    XL:     5   Next: 14%
Magic:  7/12       EV: 12    Int: 20    God:    Cheibriados [**....]
Gold:   99         SH:  0    Dex: 16    Spells: 8/14 levels left

rFire    x . .     SeeInvis .   (no weapon)
rCold    + . .     Faith    .   (no shield)
rNeg     + + +     Spirit   .   a - +0 robe
rPois    ∞         Reflect  .   (no helmet)
rElec    .         Harm     .   (no cloak)
rCorr    .         Rampage  .   (no gloves)
Will     .....                  (no boots)
Stlth    ++........             (no amulet)
HPRegen  0.11/turn              c - +4 ring of protection
MPRegen  0.13/turn              (no ring)

@: very slow
A: cold resistance 1, negative energy resistance 3, torment resistance 2,
unbreathing 1, heat vulnerability 1, no potions
a: Renounce Religion, Bend Time


You were on level 3 of the Dungeon.
You worshipped Cheibriados.
Cheibriados was pleased with you.
You visited 1 branch of the dungeon, and saw 4 of its levels.

You collected 99 gold pieces.

Inventory:

Missiles
 e - 26 sling bullets
Armour
 a - a +0 robe (worn)
Jewellery
 c - a +4 ring of protection (left hand)
 f - a ring of protection from cold
Wands
 g - a wand of flame (24)
Scrolls
 b - 2 scrolls of identify {unknown}
 d - a scroll of torment {unknown}
 h - a scroll of noise {unknown}


   Skills:
 - Level 1.5 Dodging
 + Level 2.6 Stealth
 - Level 5.3 Spellcasting
 + Level 4.5 Necromancy


You had 8 spell levels left.
You knew the following spells:

 Your Spells              Type           Power      Damage    Failure   Level
a - Pain                  Necr           92%        1d8       1%          1
b - Animate Skeleton      Necr           46%        N/A       1%          1
c - Animate Dead          Necr           11%        N/A       17%         4

Your spell library contained the following spells:

 Spells                   Type           Power      Damage    Failure   Level
 Vampiric Draining        Necr           11%        2d7       5%          3
 Magic Dart               Conj           20%        1d4       12%         1
 Blink                    Tloc           N/A        N/A       17%         2
 Call Imp                 Summ           5%         N/A       17%         2
 Slow                     Hex            5%         N/A       17%         2
 Conjure Flame            Conj/Fire      5%         6-21      34%         3
 Mephitic Cloud           Conj/Pois/Air  5%         N/A       34%         3
 Agony                    Necr           23%        N/A       43%         5


Dungeon Overview and Level Annotations

Branches:
Dungeon (4/15)
 Temple: D:4-7

Altars:
Cheibriados
Nemelex Xobeh
Xom


Innate Abilities, Weirdness & Mutations

You are immune to poison.
Your flesh is cold resistant. (rC+)
You are immune to negative energy. (rN+++)
You are immune to unholy pain and torment.
You can survive without breathing.
You are vulnerable to heat. (rF-)
You do not drink.


Message History

Aiming: Pain (safe; 1% risk of failure)
Press: ? - help, Shift-Dir - straight line, f/p - iguana
Aim: an iguana (lightly wounded, chance to affect: 86%)
The iguana writhes in agony.
The iguana barely misses you.
Casting: Pain (safe; 1% risk of failure)
Confirm with . or Enter, or press ? or * to list all spells.
Aiming: Pain (safe; 1% risk of failure)
Press: ? - help, Shift-Dir - straight line, f/p - iguana
Aim: an iguana (heavily wounded, chance to affect: 86%)
The iguana writhes in agony.
The iguana bites you!
Casting: Pain (safe; 1% risk of failure)
Confirm with . or Enter, or press ? or * to list all spells.
Aiming: Pain (safe; 1% risk of failure)
Press: ? - help, Shift-Dir - straight line, f/p - iguana
Aim: an iguana (severely wounded, chance to affect: 86%)
The iguana writhes in agony!
You kill the iguana!
Cheibriados appreciates the change of pace.
You have reached level 5!
You feel clever.
Unknown command.
You start resting.
An ice beast comes into view.
Your magical contamination has completely faded away.
You start resting.
An ice beast is nearby!
Found a pair of glowing boots.
You start resting.
An ice beast is nearby!
There is a stone staircase leading up here.
An ice beast is nearby!
You climb upwards.
The gnoll hits you from afar with a +0 spear!
* * * LOW HITPOINT WARNING * * *
The gnoll barely misses you.
There is a stone staircase leading down here.
The gnoll closely misses you. The gnoll barely misses you.
The gnoll closely misses you. The gnoll hits you with a +0 flail!
You die...

.....[.....##.##### #......#####
..######..........# #....#.#.<..
.## #..# #.###.####g....#..... .#
#..# #.##..........#.#)###
########..###.##..#####..##.#.#
..............##........###.#.#
.#######........gg............###
.# #.#######g##########...... ##
#.# #@# ###.### #.# #.# #.# #.#
#.# #.# #.# #.# #.# ########.#
#.# #.# .........# #.# #.#
########## #.# #.# # #.# #.# #
#.######## #.#


You could see 3 gnolls.

Vanquished Creatures
  A howler monkey (D:4)
  2 iguanas
  An adder (D:2)
  3 orcs
  4 bats
  3 endoplasms
  2 giant cockroaches
  7 goblins
  4 hobgoblins
  2 jackals (D:1)
  A quokka (D:1)
  5 ball pythons
  4 frilled lizards
  5 kobolds
  6 rats
50 creatures vanquished.

Vanquished Creatures (collateral kills)
  A ball python (D:3)
1 creature vanquished.

Grand Total: 51 creatures vanquished

Notes
Turn   | Place    | Note
-------+----------+-------------------------------------------
     0 | D:1      | BARCODEGAMER the Mummy Necromancer began the quest for the
                  | Orb.
     0 | D:1      | Reached XP level 1. HP: 13/13 MP: 4/4
     2 | D:1      | Noticed a demigod
     4 | D:1      | Noticed a barachi
     4 | D:1      | Noticed a troll
     6 | D:1      | Noticed a palentonga
     6 | D:1      | Noticed an elf
     8 | D:1      | Noticed a gargoyle
     8 | D:1      | Noticed a formicid
    10 | D:1      | Noticed a tengu
    10 | D:1      | Noticed a human
    12 | D:1      | Noticed an ogre
    12 | D:1      | Noticed a demonspawn
    14 | D:1      | Noticed a spriggan
    16 | D:1      | Noticed a centaur
    16 | D:1      | Noticed a ghoul
    18 | D:1      | Noticed a merfolk
    18 | D:1      | Noticed a vampire
    20 | D:1      | Noticed a naga
    20 | D:1      | Noticed a draconian
    22 | D:1      | Noticed a felid
    22 | D:1      | Noticed a dwarf
    24 | D:1      | Noticed an octopode
    26 | D:1      | Noticed a vine stalker
    26 | D:1      | Noticed a minotaur
    32 | D:1      | Found a faded altar of an unknown god.
    96 | D:1      | Reached skill level 3 in Spellcasting
   244 | D:1      | Reached XP level 2. HP: 19/19 MP: 4/6
   717 | D:1      | Became a worshipper of Cheibriados the Contemplative
   717 | D:1      | Reached * piety under Cheibriados
  1708 | D:2      | Reached skill level 4 in Spellcasting
  1860 | D:2      | Reached XP level 3. HP: 24/24 MP: 3/8
  2126 | D:2      | Learned a level 1 spell: Animate Skeleton
  2543 | D:3      | Reached skill level 5 in Spellcasting
  2543 | D:3      | Reached XP level 4. HP: 30/30 MP: 7/11
  2549 | D:3      | Learned a level 4 spell: Animate Dead
  2565 | D:3      | Reached ** piety under Cheibriados
  2642 | D:3      | Found a sparkling altar of Nemelex Xobeh.
  2763 | D:3      | Found a shimmering altar of Xom.
  3053 | D:4      | Reached XP level 5. HP: 17/35 MP: 2/12
  3053 | D:4      | Noticed an ice beast
  3085 | D:3      | Slain by a gnoll

Illustrated notes

Levels and vault maps discovered:
D:1:      kb_arrival_jail, layout_basic, basic_ecumenical_altar
D:2:      layout_basic
D:3:      layout_loops_ring, nicolae_overflow_crystal_walls,
          nemelex_spade_bored_becter
D:4:      layout_basic, slow_altar_2, serial_shops, shop, serial_rivers,
          chequers_serial_rivers_micro_d, chequers_serial_rivers_micro_e,
          chequers_serial_rivers_micro_d, chequers_serial_rivers_large_b,
          minmay_misc_feat_iff

Skill      XL: |  1  2  3  4 |
---------------+-------------+-----
Spellcasting   | 3 4 5 |  5.3
Stealth        | 2 |  2.6
Dodging        | |  1.5
Necromancy     | |  4.5

Action                   |  1- 3 |  4- 6 || total
-------------------------+-------+-------++-------
Melee: Unarmed           |     2 |     1 ||     3
 Cast: Pain              |    70 |    26 ||    96
       Animate Skeleton  |     6 |     2 ||     8
Invok: Bend Time         |     1 |       ||     1
Armor: Robe              |    14 |     2 ||    16
Dodge: Dodged            |    28 |    11 ||    39

Table legend: (Time is in decaauts)
 A = Elapsed time spent in this place.
 B = Non-inter-level travel time spent in this place.
 C = Inter-level travel time spent in this place.
 D = Time resting spent in this place.
 E = Time spent auto-exploring this place.
 F = Levels seen in this place.
 G = Mean time per level.
                   A        B        C        D        E       F      G
               +--------+--------+--------+--------+--------+-----+--------+
         Total |   3691 |   3691 |      0 |    833 |    573 |   4 |  922.8 |
       Dungeon |   3691 |   3691 |      0 |    833 |    573 |   4 |  922.8 |
               +--------+--------+--------+--------+--------+-----+--------+

Top non-repeatable levels by time:
     D:1: 1712 daAuts
     D:2: 963 daAuts
     D:3: 929 daAuts
     D:4: 86 daAuts
